 Dungeon Crawl Stone Soup version 0.27.1-1-g398f81649c (webtiles) character file.

Game seed: 6386596766266339899

58 chaosape the Cutter (level 4, 0/38 HPs)
             Began as a Gnoll Wanderer on Sept 9, 2021.
             Slain by Sigmund (6 damage)
             ... on level 2 of the Dungeon.
             The game lasted 00:05:43 (1738 turns).

chaosape the Cutter (Gnoll Wanderer)                Turns: 1738, Time: 00:05:44

Health: 0/38       AC:  3    Str: 11    XL:     4   Next: 2%
Magic:  5/5        EV: 15    Int: 12    God:
Gold:   34         SH:  4    Dex: 12    Spells: 5/5 levels left

rFire    . . .     SeeInvis .   a - +2 short sword
rCold    . . .     Faith    .   c - +0 buckler
rNeg     . . .     Spirit   .   f - +0 leather armour
rPois    .         Reflect  .   (no helmet)
rElec    .         Harm     .   (no cloak)
rCorr    .         Rampage  .   (no gloves)
Will     .....                  (no boots)
Stlth    ++........             (no amulet)
HPRegen  0.12/turn              g - +4 ring of evasion
MPRegen  0.09/turn              (no ring)

@: lethally poisoned (0 -> -4), attractive
A: fangs 1, strong nose, distributed training
a: no special abilities


You were on level 2 of the Dungeon.
You visited 1 branch of the dungeon, and saw 2 of its levels.

You collected 34 gold pieces.

Inventory:

Hand Weapons
 a - a +2 short sword (weapon)
 b - a +0 spear
 e - a +0 spear
 i - a +0 hunting sling
Missiles
 h - 3 javelins (quivered)
 j - 17 arrows
 k - 29 bolts
Armour
 c - a +0 buckler (worn)
 d - a +0 robe
 f - a +0 leather armour (worn)
 l - a +0 crystal plate armour
Jewellery
 g - a +4 ring of evasion (left hand)


   Skills:
 + Level 4.6 Fighting
 + Level 6.5 Short Blades
 + Level 1.0 Long Blades
 + Level 1.0 Axes
 + Level 2.7 Maces & Flails
 + Level 1.0 Polearms
 + Level 1.0 Staves
 + Level 1.0 Slings
 + Level 1.0 Bows
 + Level 1.0 Crossbows
 + Level 1.0 Throwing
 + Level 2.7 Armour
 + Level 1.0 Dodging
 + Level 2.5 Stealth
 + Level 2.7 Shields
 + Level 1.0 Unarmed Combat
 + Level 1.0 Spellcasting
 + Level 0.7 Conjurations
 + Level 0.7 Hexes
 + Level 0.7 Summonings
 + Level 0.7 Necromancy
 + Level 0.7 Translocations
 + Level 0.7 Transmutations
 + Level 0.7 Fire Magic
 + Level 0.7 Ice Magic
 + Level 0.7 Air Magic
 + Level 0.7 Earth Magic
 + Level 0.7 Poison Magic
 + Level 1.1 Invocations
 + Level 2.7 Evocations


You had 5 spell levels left.
You didn't know any spells.
Your spell library contained the following spells:

 Spells                   Type           Power      Damage    Failure   Level
 Cause Fear               Hex            1%         N/A       97%         4
 Dragon Form              Tmut           1%         N/A       100%        7
 Dragon's Call            Summ           1%         N/A       100%        9


Dungeon Overview and Level Annotations

Branches:
Dungeon (2/15)

Altars:

Annotations:
D:2 Sigmund


Innate Abilities, Weirdness & Mutations

You have very sharp teeth.
Your uncanny sense of smell can sniff out nearby items.
Your experience applies equally to all skills.


Message History

You open the door.
There is an open door here.
You open the door.
There is an open door here.
As you open the door, it creaks loudly!
A rat and an endoplasm come into view.
The endoplasm quivers.
Sigmund flickers, as though insubstantial.
Sigmund casts a spell.
Sigmund flickers and vanishes!
Deactivating autopickup; reactivate with Ctrl-A.
You hit the endoplasm.
You bite the endoplasm, but do no damage.
The endoplasm is moderately wounded.
The endoplasm barely misses you.
You hit the endoplasm.
You kill the endoplasm!
Something hits you.
You are poisoned.
You feel very sick.
You hit something. Your bite misses something.
You feel sick. Something hits you.
You are more poisoned.
You aren't carrying any scrolls.
It was a potion of attraction.
You feel attractive to monsters.
You feel very sick.
You feel sick.
A magic dart appears from out of thin air!
The magic dart hits you. Something is pulled toward you!
You feel sick.
A magic dart appears from out of thin air!
The magic dart hits you.
* * * LOW HITPOINT WARNING * * *
Something is pulled toward you! The rat is pulled toward you!
You feel sick. Something hits you.
* * * LOW HITPOINT WARNING * * *
Something is pulled toward you! The rat is pulled toward you!
You feel sick. Something hits you.
You die...

#.# ...)... #.#
{.......
#.####.........
#.#..'.........
#.#.##..r.(....
#######.#.#
.....##.
#.......#.#
..#.#..
#.#######.# .#
#.#
#.#.@..r..#∆
#.. #.##.######
## #....#
######


You could see a rat.

Vanquished Creatures
  A gnoll (D:1)
  2 worms (D:2)
  2 dart slugs (D:1)
  5 endoplasms
  A giant cockroach (D:1)
  3 hobgoblins (D:1)
  2 jackals (D:1)
  4 quokkas
  A ball python (D:2)
  A bat (D:1)
  5 frilled lizards
  5 goblins
  2 kobolds
  4 rats
38 creatures vanquished.

Notes
Turn   | Place    | Note
-------+----------+-------------------------------------------
     0 | D:1      | chaosape the Gnoll Wanderer began the quest for the Orb.
     0 | D:1      | chaosape set off with the following items: a +2 short
                  | sword, a +0 spear, a +0 buckler, a +0 robe
     0 | D:1      | Reached XP level 1. HP: 20/20 MP: 1/1
   230 | D:1      | Reached XP level 2. HP: 23/26 MP: 2/2
   230 | D:1      | Found a faded altar of an unknown god.
   559 | D:1      | Reached XP level 3. HP: 31/31 MP: 3/3
   902 | D:1      | Reached skill level 1 in Invocations
  1172 | D:2      | Noticed Sigmund
  1466 | D:2      | Reached skill level 1 in Long Blades
  1466 | D:2      | Reached skill level 1 in Axes
  1466 | D:2      | Reached skill level 1 in Polearms
  1466 | D:2      | Reached skill level 1 in Staves
  1466 | D:2      | Reached skill level 1 in Slings
  1466 | D:2      | Reached skill level 1 in Bows
  1466 | D:2      | Reached skill level 1 in Crossbows
  1466 | D:2      | Reached skill level 1 in Throwing
  1466 | D:2      | Reached skill level 1 in Dodging
  1466 | D:2      | Reached skill level 1 in Unarmed Combat
  1466 | D:2      | Reached skill level 1 in Spellcasting
  1641 | D:2      | Reached XP level 4. HP: 38/38 MP: 5/5
  1738 | D:2      | Slain by Sigmund

Illustrated notes

Levels and vault maps discovered:
D:1:      lightli_arrival_boilingwater, layout_loops_ring,
          dreamdust_ecumenical_altar_statues, minivault_14
D:2:      layout_basic, minmay_small_reverse_x, uniq_sigmund

Skill      XL: |  1  2  3 |
---------------+----------+-----
Invocations    | 1 |  1.1
Long Blades    | 1 |  1.0
Axes           | 1 |  1.0
Polearms       | 1 |  1.0
Staves         | 1 |  1.0
Slings         | 1 |  1.0
Bows           | 1 |  1.0
Crossbows      | 1 |  1.0
Throwing       | 1 |  1.0
Dodging        | 1 |  1.0
Unarmed Combat | 1 |  1.0
Spellcasting   | 1 |  1.0
Fighting       | |  4.6
Short Blades   | |  6.5
Maces & Flails | |  2.7
Armour         | |  2.7
Stealth        | |  2.5
Shields        | |  2.7
Conjurations   | |  0.7
Hexes          | |  0.7
Summonings     | |  0.7
Necromancy     | |  0.7
Translocations | |  0.7
Transmutations | |  0.7
Fire Magic     | |  0.7
Ice Magic      | |  0.7
Air Magic      | |  0.7
Earth Magic    | |  0.7
Poison Magic   | |  0.7
Evocations     | |  2.7

Action                   |  1- 3 |  4- 6 || total
-------------------------+-------+-------++-------
Melee: Short sword       |   117 |     3 ||   120
       Bite              |     7 |     1 ||     8
  Use: Potion            |       |     1 ||     1
 Stab: Sleeping          |     4 |       ||     4
Armor: Robe              |     2 |       ||     2
       Leather armour    |     1 |       ||     1
Dodge: Dodged            |    39 |     1 ||    40
Block: Buckler           |    15 |       ||    15
